 Dungeon Crawl Stone Soup version 0.30-a0-335-ge5acde7520 (webtiles) character file.

Game seed: 2215441318302463827

536 hikkokomori the Chiller (level 6, 0/45 HPs)
             Began as a Demigod Ice Elementalist on Oct 31, 2022.
             Slain by a bullfrog (7 damage)
             ... in a sewer.
             The game lasted 00:05:37 (3018 turns).

hikkokomori the Chiller (Demigod Ice Elementalist)  Turns: 3018, Time: 00:05:37

Health: 0/45       AC:  2    Str:  9    XL:     6   Next: 75%
Magic:  9/14       EV:  9    Int: 25    God:
Gold:   102        SH:  0    Dex:  9    Spells: 1/12 levels left

rFire   + . .      SeeInvis .    o - +11 sling of Gasuk {freeze, rPois rN+ Dex-5}
rCold   . . .      Faith    .    (no shield)
rNeg    + . .      Spirit   .    j - +0 robe {Will+}
rPois   +          Reflect  .    (no helmet)
rElec   .          Harm     .    (no cloak)
rCorr   .          Rampage  .    (no gloves)
Will    +....                    (no boots)
Stlth   ++........               (no amulet)
HPRegen 0.27/turn                h - ring of protection from fire
MPRegen 0.14/turn                (no ring)

@: very slightly contaminated, constricted
A: high MP 1, forlorn, divine attributes
a: no special abilities


You were in a sewer.
You visited 1 branch of the dungeon, and saw 4 of its levels.
You also visited: Sewer.

You collected 157 gold pieces.
You spent 55 gold pieces at shops.

Inventory:

Hand Weapons
 c - a +0 dagger
 o - the +11 sling of Gasuk (weapon) {freeze, rPois rN+ Dex-5}
   (You found it on level 2 of the Dungeon)

   Any ammunition fired from it freezes those it strikes, dealing additional
   cold damage.
   It can also slow down cold-blooded creatures.
   Dex:       It affects your dexterity (-5).
   rPois:     It protects you from poison.
   rN:        It protects you from negative energy.
Armour
 a - a +0 robe
 j - a +0 robe of willpower (worn)
Jewellery
 h - a ring of protection from fire (left hand)
Scrolls
 d - a scroll of poison {unknown}
 i - 2 scrolls of noise
 k - 5 scrolls of teleportation
 l - 4 scrolls of identify
 m - 3 scrolls of amnesia {unknown}
 n - a scroll of enchant weapon {unknown}
 q - a scroll of summoning {unknown}
 t - a scroll of enchant armour {unknown}
Potions
 b - a potion of magic
 e - a potion of mutation {unknown}
 f - a potion of invisibility {unknown}
 p - a potion of flight {unknown}
 r - a potion of resistance {unknown}
 s - a potion of ambrosia {unknown}
 u - 2 potions of haste {unknown}


   Skills:
 + Level 1.8 Ranged Weapons
 - Level 2.1 Dodging
 - Level 2.1 Stealth
 - Level 3.5 Spellcasting
 + Level 2.3 Summonings
 + Level 5.7 Ice Magic


You had one spell level left.
You knew the following spells:

 Your Spells              Type           Power      Damage    Failure   Level
a - Freeze                Ice            100%       1d10      1%          1
b - Frozen Ramparts       Ice            66%        1d10      2%          3
c - Ozocubu's Armour      Ice            33%        N/A       2%          3
d - Summon Ice Beast      Ice/Summ       24%        N/A       19%         4

Your spell library contained the following spells:

 Spells                   Type           Power      Damage    Failure   Level


Dungeon Overview and Level Annotations

Branches:
Dungeon (4/15)              Sewer (1/1)
 Temple: D:4-7

Shops:
D:2 ?


Innate Abilities, Weirdness & Mutations

You have an increased reservoir of magic. (+10% MP)
You shall have no god before yourself.
Your divine heritage dramatically boosts your attributes as you level up.


Message History

You freeze the bullfrog.
The bullfrog is almost dead.
The ball python hisses angrily.
The bullfrog hits you but does no damage.
The ball python barely misses you. The ball python constricts you.
The bullfrog closely misses you. x2
Unknown command.
Fire: o) +11 sling of Gasuk {freeze, rPois rN+ Dex-5}
Press: ? - help, Q - select action, (/) - cycle Shift-Dir - straight line, f/p - bullfrog
Aim: a bullfrog (water, almost dead, slow, 59% to hit)
You shoot a sling bullet.
The sling bullet closely misses the bullfrog.
The ball python bites you but does no damage.
The ball python constricts you. The bullfrog barely misses you.
The bullfrog hits you.
* * * LOW HITPOINT WARNING * * *
The ball python barely misses you. The ball python constricts you.
The bullfrog closely misses you. The bullfrog completely misses you.
Unknown command.
Casting: Freeze (safe; 1% risk of failure)
Confirm with . or Enter, or press ? or * to list all spells.
Aiming: Freeze (safe; 1% risk of failure)
Press: ? - help, Shift-Dir - straight line, f/p - bullfrog
Aim: a bullfrog (water, almost dead, slow)
You miscast Freeze.
You are very lightly contaminated with residual magic.
Nothing appears to happen.
The bullfrog is no longer moving slowly.
The ball python closely misses you. The ball python constricts you.
* * * LOW HITPOINT WARNING * * *
The bullfrog hits you.
* * * LOW HITPOINT WARNING * * *
The bullfrog closely misses you.
Unknown command.
You feel better. The bullfrog hits you.
* * * LOW HITPOINT WARNING * * *
The ball python closely misses you. The ball python constricts you.
* * * LOW HITPOINT WARNING * * *
The bullfrog hits you!
You die...

F.....#
#.....
##~..~.#
##~...
#≈≈~#≈≈#
#≈~≈≈≈
#≈≈≈~≈≈#
#≈~≈≈≈
#≈≈≈~≈≈#
#≈~≈≈≈
#≈≈~~≈≈#
#≈≈~≈≈
#≈#~≈≈≈#
#≈≈≈~~
#FS#l≈≈#
#≈≈≈≈≈
#≈@FS≈≈#
#≈≈≈≈~
#≈.≈≈≈≈#
#≈.~.~
#≈~#≈≈≈#
#≈....
#≈#~≈≈≈#
#≈~~~~
#≈≈~≈≈≈#
#~~≈≈≈
#≈≈~~≈≈#
#†≈≈≈≈
#≈≈≈~≈≈#
#≈~~≈≈
#≈≈≈~≈≈#
#≈≈≈~≈
#≈≈≈~≈≈#####
#≈≈≈~≈


You could see 2 bullfrogs, 2 ball pythons and a frilled lizard.

Vanquished Creatures
  Sigmund (D:2)
  A black bear (D:4)
  Terence (D:2)
  4 river rats (Sewer)
  9 adders
  An ufetubus (D:4)
  2 dart slugs
  7 orcs
  3 bats (D:2)
  5 endoplasms
  8 giant cockroaches
  7 hobgoblins
  3 jackals (D:4)
  6 kobolds
  6 quokkas
  21 ball pythons
  5 frilled lizards
  6 goblins
  32 rats
128 creatures vanquished.

Notes
Turn   | Place    | Note
-------+----------+-------------------------------------------
     0 | D:1      | hikkokomori the Demigod Ice Elementalist began the quest
                  | for the Orb.
     0 | D:1      | Reached XP level 1. HP: 14/14 MP: 5/5
   373 | D:1      | Reached XP level 2. HP: 20/20 MP: 7/7
   968 | D:2      | Reached XP level 3. HP: 26/26 MP: 5/9
  1037 | D:2      | Reached skill level 4 in Ice Magic
  1107 | D:2      | Noticed Sigmund
  1114 | D:2      | Killed Sigmund
  1115 | D:2      | Reached skill level 5 in Ice Magic
  1115 | D:2      | Reached XP level 4. HP: 2/33 MP: 4/12
  1115 | D:2      | Reached XP level 5. HP: 3/38 MP: 4/13
  1339 | D:2      | Found Enemar's Magic Scroll Shoppe.
  1343 | D:2      | Bought a scroll of identify for 22 gold pieces
  1343 | D:2      | Bought a scroll of teleportation for 33 gold pieces
  1401 | D:2      | Learned a level 3 spell: Frozen Ramparts
  1405 | D:2      | Learned a level 3 spell: Ozocubu's Armour
  1410 | D:2      | Learned a level 4 spell: Summon Ice Beast
  1857 | D:2      | Noticed Terence
  1862 | D:2      | Killed Terence
  1863 | D:2      | Reached skill level 1 in Summonings
  1973 | D:2      | Identified the +11 sling of Gasuk {freeze, rPois rN+ Dex-5}
  2595 | D:4      | Reached XP level 6. HP: 45/45 MP: 14/14
  2734 | D:4      | Reached skill level 1 in Ranged Weapons
  2768 | D:4      | Found a glowing drain.
  2777 | Sewer    | Entered a sewer
  3018 | Sewer    | Slain by a bullfrog

Illustrated notes

Levels and vault maps discovered:
D:1:      dpeg_arrival_simpleton_b, layout_basic, minivault_24
D:2:      minmay_wonky_spiral, layout_loops_cross, serial_shops, shop,
          glass_columns_a, chequers_mini_garden, minmay_pentomino_z4,
          uniq_sigmund, uniq_terence
D:3:      layout_rooms, nicolae_overflow_hallway_of_the_gods, serial_glass,
          glass_columns_a, glass_columns_a, glass_columns_b, glass_columns_b
D:4:      layout_rooms, portal_sewer_entry_f, serial_shops, nicolae_shop_trees,
          minmay_misc_feat_ornament, minmay_small_thing
Sewer:    sewer_minmay_w

Skill      XL: |  1  2  3  4  5  6 |
---------------+-------------------+-----
Stealth        | 2 |  2.1
Dodging        | 2 |  2.1
Spellcasting   | 2 3 |  3.5
Ice Magic      | 5 |  5.7
Summonings     | 1 2 |  2.3
Ranged Weapons | 1 |  1.8

Action                   |  1- 3 |  4- 6 || total
-------------------------+-------+-------++-------
Melee: Dagger            |    19 |    11 ||    30
 Fire: Sling             |       |   149 ||   149
 Cast: Freeze            |    39 |    31 ||    70
  Use: Scroll            |       |     3 ||     3
       Potion            |       |     4 ||     4
 Stab: Sleeping          |     1 |       ||     1
Armor: Robe              |    10 |     9 ||    19
       Skin              |       |     5 ||     5
Dodge: Dodged            |    34 |    76 ||   110

Table legend: (Time is in decaauts)
 A = Elapsed time spent in this place.
 B = Non-inter-level travel time spent in this place.
 C = Inter-level travel time spent in this place.
 D = Time resting spent in this place.
 E = Time spent auto-exploring this place.
 F = Levels seen in this place.
 G = Mean time per level.
                   A        B        C        D        E       F      G
               +--------+--------+--------+--------+--------+-----+--------+
         Total |   3105 |   2960 |    145 |    150 |   2197 |   5 |  621.0 |
       Dungeon |   2806 |   2661 |    145 |    150 |   2052 |   4 |  701.5 |
         Sewer |    299 |    299 |      0 |      0 |    145 |   1 |  299.0 |
               +--------+--------+--------+--------+--------+-----+--------+

Top non-repeatable levels by time:
     D:2: 1289 daAuts
     D:1: 890 daAuts
     D:3: 429 daAuts
   Sewer: 299 daAuts
     D:4: 197 daAuts
